 Dungeon Sprint DCSS version 0.19.1 (webtiles) character file.

1978 dvd the Carver (level 9, -4/94 HPs)
             Began as a Minotaur Berserker on Dec 21, 2016.
             Was an Elder of Trog.
             Slain by a demonic crawler (8 damage)
             ... in the Dungeon (Sprint I: "Red Sonja").
             The game lasted 00:04:58 (1098 turns).

dvd the Carver (Minotaur Berserker)                 Turns: 1098, Time: 00:05:00

Health: -4/94      AC:  4    Str: 23    XL:     9   Next: 1%
Magic:  8/10       EV: 16    Int:  4    God:    Trog [****..]
Gold:   409        SH:  0    Dex: 12    Spells: 0 memorised, 8 levels left

rFire  . . .     SeeInvis .     a - +0 falchion
rCold  . . .     Gourm    .     l - +2 robe {rN+}
rNeg   + . .     Faith    .     (no shield)
rPois  .         Spirit   .     (helmet restricted)
rElec  .         Reflect  .     (no cloak)
rCorr  .         Harm     .     (no gloves)
MR     ++...     NoTele   +     (no boots)
Stlth  +++.......               (no amulet)
                                (no ring)
                                (no ring)

@: regenerating
A: retaliatory headbutt, horns 2
a: Berserk, Trog's Hand, Brothers in Arms, Burn Spellbooks, Renounce Religion


You were in the Dungeon.
You worshipped Trog.
Trog was greatly pleased with you.
You were near starving.

You visited 1 branch You collected 529 gold pieces.
You spent 120 gold pieces at shops.

Inventory:

Hand Weapons
 a - a +0 falchion (weapon)
Armour
 l - a +2 robe of positive energy (worn)
Wands
 j - a wand of random effects (12/48)
Scrolls
 i - a scroll of blinking
Potions
 g - 2 potions of magic
 h - a potion of berserk rage
Comestibles
 c - a bread ration


   Skills:
 + Level 13.8 Fighting
 + Level 14.2 Long Blades
 + Level 6.8 Armour
 + Level 8.7 Dodging
 + Level 5.2 Stealth
 + Level 2.7 Evocations


You had 8 spell levels left.
You didn't know any spells.

Dungeon Overview and Level Annotations

Branches:
Dungeon (1/1)

Altars:
Cheibriados
Dithmenos
Elyvilon
Fedhas
Gozag
Hepliaklqana
Kikubaaqudgha
Makhleb
Nemelex Xobeh
Okawaru
Qazlal
Ru
Sif Muna
Trog
Uskayaw
Vehumet
Xom
Yredelemnul
Zin
The Shining One
Jiyva
Lugonu

Shops:
D !


Innate Abilities, Weirdness & Mutations

You reflexively headbutt those who attack you in melee.
You have a pair of horns on your head.


Message History

* * * LOW HITPOINT WARNING * * *
The demonic crawler barely misses you. x2
There is an open door here.
You fail to use your ability.
The demonic crawler hits you!
* * * LOW HITPOINT WARNING * * *
The demonic crawler hits you.
* * * LOW HITPOINT WARNING * * *
The demonic crawler hits you.
* * * LOW HITPOINT WARNING * * *
The demonic crawler barely misses you.
The demonic crawler completely misses you.
The demonic crawler misses you.
You hit the demonic crawler but do no damage.
The demonic crawler is severely wounded.
The demonic crawler hits you.
* * * LOW HITPOINT WARNING * * *
The demonic crawler hits you!
* * * LOW HITPOINT WARNING * * *
The demonic crawler misses you. The demonic crawler hits you!
You die...

########################
.#..)..#).'..#__#s.)...#
.'..#..'..#.['..@s.#...#
.#####'#####'#__####...ss.#
.####..#...#.#### #####s.+
.#__####..##.# ##
)#_____##'#(.+
⌠#_.∩...'..(_#
##_..__##_.#'#
#_____###'#.# #########(###


You could see 2 demonic crawlers.

Vanquished Creatures
  Sonja (D)
  2 kobold demonologists (D)
  A slime creature (D)
  A yak (D)
  A floating eye (D)
  An ogre (D)
  2 jellies (D)
  Ijyb (D)
10 creatures vanquished.

Vanquished Creatures (collateral kills)
  2 demonic crawlers (D)
2 creatures vanquished.

Vanquished Creatures (others)
  A gargoyle (D)
1 creature vanquished.

Grand Total: 13 creatures vanquished

Notes
Turn   | Place    | Note
-------+----------+-------------------------------------------
     0 | D        | dvd the Minotaur Berserker began the quest for the Orb.
     0 | D        | Reached XP level 1. HP: 19/19 MP: 0/0
     2 | D        | Noticed Ijyb
    17 | D        | Killed Ijyb
    17 | D        | Reached skill level 5 in Fighting
    17 | D        | Reached skill level 5 in Long Blades
    17 | D        | Reached XP level 2. HP: 6/30 MP: 1/1
   214 | D        | Killed a gargoyle
   275 | D        | Noticed an ogre
   277 | D        | Killed an ogre
   277 | D        | Reached skill level 7 in Long Blades
   277 | D        | Reached XP level 3. HP: 40/40 MP: 2/2
   277 | D        | Reached XP level 4. HP: 48/48 MP: 3/3
   307 | D        | Noticed Sigmund
   310 | D        | Noticed Sigmund
   310 | D        | Sigmund changed into Sigmund the jelly
   314 | D        | Killed Sigmund the jelly
   314 | D        | Reached ** piety under Trog
   314 | D        | Reached skill level 8 in Long Blades
   314 | D        | Reached XP level 5. HP: 5/55 MP: 4/4
   599 | D        | Found a deep blue altar of Sif Muna.
   601 | D        | Found a radiant altar of Vehumet.
   625 | D        | Found Foskesm's Distillery.
   625 | D        | Found an ancient bone altar of Kikubaaqudgha.
   625 | D        | Found a hazy altar of Hepliaklqana.
   625 | D        | Found a hide-covered altar of Uskayaw.
   625 | D        | Found a basalt altar of Yredelemnul.
   625 | D        | Found an opulent altar of Gozag.
   625 | D        | Found a snail-covered altar of Cheibriados.
   625 | D        | Found a sacrificial altar of Ru.
   625 | D        | Found a shadowy altar of Dithmenos.
   625 | D        | Noticed a yak
   626 | D        | Found a stormy altar of Qazlal.
   626 | D        | Found a blossoming altar of Fedhas.
   626 | D        | Found a bloodstained altar of Trog.
   626 | D        | Found an iron altar of Okawaru.
   626 | D        | Found a glowing golden altar of the Shining One.
   626 | D        | Found a glowing silver altar of Zin.
   626 | D        | Found a white marble altar of Elyvilon.
   635 | D        | Killed a yak
   635 | D        | Reached skill level 10 in Fighting
   635 | D        | Reached skill level 10 in Long Blades
   635 | D        | Reached skill level 5 in Armour
   635 | D        | Reached skill level 5 in Dodging
   635 | D        | Reached XP level 6. HP: 35/67 MP: 5/5
   636 | D        | Found a sparkling altar of Nemelex Xobeh.
   787 | D        | Found a burning altar of Makhleb.
   787 | D        | Found a viscous altar of Jiyva.
   787 | D        | Found a shimmering altar of Xom.
   787 | D        | Found a corrupted altar of Lugonu.
   787 | D        | Noticed a slime creature
   794 | D        | Killed a slime creature
   794 | D        | Reached skill level 11 in Long Blades
   794 | D        | Reached skill level 1 in Stealth
   794 | D        | Reached skill level 1 in Evocations
   820 | D        | Noticed Sonja
   861 | D        | Killed Sonja
   861 | D        | Reached *** piety under Trog
   861 | D        | Reached skill level 13 in Long Blades
   861 | D        | Reached XP level 7. HP: 16/78 MP: 5/7
   861 | D        | Reached XP level 8. HP: 17/85 MP: 5/8
   882 | D        | Bought a potion of heal wounds for 60 gold pieces
   882 | D        | Bought a potion of heal wounds for 60 gold pieces
  1036 | D        | Noticed a kobold demonologist
  1038 | D        | Noticed a kobold demonologist
  1048 | D        | Paralysed by a floating eye for 3 turns
  1052 | D        | Killed a kobold demonologist
  1064 | D        | Killed a kobold demonologist
  1064 | D        | Reached **** piety under Trog
  1065 | D        | Noticed a demonic crawler
  1065 | D        | Noticed a demonic crawler
  1065 | D        | Noticed a demonic crawler
  1065 | D        | Noticed a demonic crawler
  1089 | D        | HP: 3/86 [demonic crawler (3)]
  1090 | D        | Killed a demonic crawler
  1090 | D        | Reached skill level 14 in Long Blades
  1090 | D        | Reached skill level 5 in Stealth
  1092 | D        | Killed a demonic crawler
  1092 | D        | Reached XP level 9. HP: 38/94 MP: 8/10
  1098 | D        | HP: 4/94 [demonic crawler (9)]
  1098 | D        | Slain by a demonic crawler

Skill      XL: |  1  2  3  4  5  6  7  8 |
---------------+-------------------------+-----
Fighting       | 5 7 8 10 12 13 | 13.8
Long Blades    | 5 7 8 10 13 14 | 14.2
Armour         | 3 4 5 6 |  6.8
Dodging        | 3 4 5 7 8 |  8.7
Stealth        | 3 5 |  5.2
Evocations     | 2 |  2.7

Action                   |  1- 3 |  4- 6 |  7- 9 || total
-------------------------+-------+-------+-------++-------
Melee: Falchion          |    10 |    30 |    33 ||    73
       Headbutt          |     1 |    13 |     8 ||    22
Invok: Berserk           |     2 |     1 |       ||     3
       Trog's Hand       |       |     1 |     2 ||     3
       Brothers in Arms  |       |       |     1 ||     1
Evoke: Wand              |       |     5 |       ||     5
  Use: Potion            |       |     3 |     2 ||     5
       Scroll            |       |     1 |       ||     1
 Stab: Confused          |       |     5 |       ||     5
  Eat: Chunk             |       |     3 |       ||     3
Armor: Robe              |       |     2 |    12 ||    14
Dodge: Dodged            |     2 |    19 |    31 ||    52
       Rpst.: Falchion   |       |     4 |     7 ||    11
